 Dungeon Crawl Stone Soup version 0.30.0-5-g1a98f26d00 (webtiles) character file.

Game seed: 16707612402710709574

93 GigaChad the Shield-Bearer (level 4, -1/35 HPs)
             Began as a Formicid Fighter on May 11, 2023.
             Slain by Sigmund
             ... wielding a +0 scythe
              (6 damage)
             ... on level 3 of the Dungeon.
             The game lasted 00:02:25 (1712 turns).

GigaChad the Shield-Bearer (Formicid Fighter)       Turns: 1712, Time: 00:02:26

Health: -1/35      AC:  7    Str: 22    XL:     4   Next: 92%
Magic:  4/4        EV:  9    Int:  8    God:
Gold:   144        SH:  5    Dex: 13    Spells: 3/3 levels left

rFire   . . .        a - +0 war axe
rCold   . . .        c - +0 buckler
rNeg    . . .        b - +0 scale mail
rPois   .            (helmet unavailable)
rElec   .            (no cloak)
rCorr   .            (no gloves)
SInv    +            (no boots)
Will    .....        (no amulet) Stlth
                     (no ring)
HPRegen 0.25/turn    (no ring)
MPRegen 0.09/turn

%: no passive effects
@: no status effects
A: permanent stasis, dig shafts and tunnels, antennae 3, four strong arms
a: Dig, Shaft Self


You were on level 3 of the Dungeon.
You visited 1 branch of the dungeon, and saw 3 of its levels.

You collected 144 gold pieces.

Inventory:

Hand Weapons
 a - a +0 war axe (weapon)
Armour
 b - a +0 scale mail (worn)
 c - a +0 buckler (worn)
Scrolls
 e - 2 scrolls of fear
 k - a scroll of fog {unknown}
 m - a scroll of magic mapping {unknown}
 o - 2 scrolls of summoning {unknown}
Potions
 d - a potion of might
 f - a potion of resistance {unknown}
 g - a potion of ambrosia
 h - a potion of curing {unknown}
 i - 2 potions of heal wounds {unknown}
 j - a potion of magic {unknown}
 l - a potion of berserk rage {unknown}
 n - 2 potions of flight {unknown}


   Skills:
 + Level 3.5 Fighting
 * Level 3.3 Axes
 * Level 4.2 Armour
 * Level 4.6 Shields


You had 3 spell levels left.
You didn't know any spells.
Your spell library contained the following spells:

 Spells                   Type           Power      Damage    Failure   Level
 Lesser Beckoning         Tloc           0%         N/A       90%         2
 Momentum Strike          Conj/Tloc      0%         3d8       90%         2
 Blink                    Tloc           Unusable   N/A       N/A         2

Dungeon Overview and Level Annotations

Branches:
Dungeon (3/15)

Altars:
Xom

Shops:
D:3 *

Annotations:
D:3 Sigmund


Innate Abilities, Weirdness & Mutations

You cannot be hasted, slowed, berserked, paralysed or teleported.
You can dig through walls and to a lower floor.
You have a pair of large antennae on your head. (SInv)
Your four strong arms can wield two-handed weapons with a shield.


Message History

Sigmund hits you with a +0 scythe!
You are too injured to fight recklessly!
You are too injured to fight recklessly!
You are too injured to fight recklessly!
You are too injured to fight recklessly!
You are too injured to fight recklessly!
You are too injured to fight recklessly!
You are too injured to fight recklessly!
You are too injured to fight recklessly!
You are too injured to fight recklessly!
You are too injured to fight recklessly!
You are too injured to fight recklessly!
You are too injured to fight recklessly!
You are too injured to fight recklessly!
You are too injured to fight recklessly!
You closely miss Sigmund.
Sigmund is severely wounded.
Sigmund closely misses you.
You hit Sigmund but do no damage.
Sigmund is severely wounded.
Sigmund hits you but does no damage.
You hit Sigmund.
Sigmund is almost dead.
Sigmund hits you with a +0 scythe.
* * * LOW HITPOINT WARNING * * *
You closely miss Sigmund.
Sigmund is almost dead.
Sigmund barely misses you.
You barely miss Sigmund.
Sigmund is almost dead.
Sigmund points at you and mumbles some strange words.
You resist with some effort.
You hit Sigmund.
Sigmund is almost dead.
Sigmund hits you with a +0 scythe.
* * * LOW HITPOINT WARNING * * *
You closely miss Sigmund.
Sigmund is almost dead.
Sigmund hits you with a +0 scythe.
You die...

#.....# #..._.#
#.....# #
#...?.######..
#####...?.........
..................
..................
..........@@......
####...#####.....
#.........##..
#...####### #.∩.#
#<†.#
............# {
.####..#.##.....
#..#.# ..##.


You could see Sigmund (invisible).

Vanquished Creatures
  5 adders
  A worm (D:2)
  A dart slug (D:2)
  4 ball pythons
  7 endoplasms
  3 giant cockroaches
  4 hobgoblins
  2 quokkas
  3 bats
  3 frilled lizards (D:1)
  3 goblins (D:2)
  4 kobolds (D:2)
  4 rats
44 creatures vanquished.

Notes
Turn   | Place    | Note
-------+----------+-------------------------------------------
     0 | D:1      | GigaChad the Formicid Fighter began the quest for the Orb.
     0 | D:1      | Reached XP level 1. HP: 18/18 MP: 1/1
   156 | D:1      | Reached XP level 2. HP: 24/24 MP: 2/2
   567 | D:2      | Reached XP level 3. HP: 29/29 MP: 3/3
  1139 | D:2      | Reached XP level 4. HP: 35/35 MP: 4/4
  1650 | D:3      | Found Wamoalun's General Store.
  1678 | D:3      | Found a shimmering altar of Xom.
  1679 | D:3      | Noticed Sigmund
  1712 | D:3      | Slain by Sigmund

Illustrated notes

Levels and vault maps discovered:
D:1:      lemuel_arrival_broad_hall, layout_basic, bh_walls_and_bars
D:2:      layout_loops_ring, serial_co_window_serial, co_window_paths_a,
          co_window_paths_a, co_window_paths_b, co_window_of_opportunity_a,
          co_window_corner_a, co_window_paths_a, co_window_paths_a,
          co_window_of_opportunity_a, co_window_paths_a, co_window_broadway_a,
          co_window_corner_b, co_window_broadway_c, co_window_2corner,
          glass_columns_a, glass_columns_b, glass_columns_a, glass_columns_b,
          glass_columns_c
D:3:      layout_loops_cross, marbit_many_paths, brannock_xom_greatest_gift,
          serial_shops, shop, uniq_grinder, uniq_robin, uniq_crazy_yiuf_cottage,
          uniq_sigmund

Skill      XL: |  1  2  3  4 |
---------------+-------------+-----
Armour         | 4 |  4.2
Axes           | 3 |  3.3
Fighting       | |  3.5
Shields        | |  4.6

Action                     |  1- 3 |  4- 6 || total
---------------------------+-------+-------++-------
  Melee: War axe           |   118 |    57 ||   175
    Use: Scroll            |     5 |       ||     5
 Armour: Scale mail        |    54 |    14 ||    68
  Dodge: Dodged            |    57 |    33 ||    90
  Block: Buckler           |    36 |    20 ||    56
